 Dungeon Crawl Stone Soup version 0.26.0-16-gc1dbca0489 (webtiles) character file.

Game seed: 14946233923293090001

10 EnegeticOcto the Stinger (level 2, -3/20 HPs)
             Began as a Gnoll Venom Mage on Jan 20, 2021.
             Killed from afar by Sigmund (9 damage)
             ... with a puff of flame
             ... on level 2 of the Dungeon.
             The game lasted 00:01:32 (175 turns).

EnegeticOcto the Stinger (Gnoll Venom Mage)          Turns: 175, Time: 00:01:32

Health: -3/20      AC:  2    Str: 10    XL:     2   Next: 20%
Magic:  0/7        EV: 14    Int: 17    God:
Gold:   38         SH:  0    Dex: 15    Spells: 7/10 levels left

rFire    . . .     SeeInvis .   (no weapon)
rCold    . . .     Faith    .   (no shield)
rNeg     . . .     Spirit   .   a - +0 robe
rPois    .         Reflect  .   (no helmet)
rElec    .         Harm     .   (no cloak)
rCorr    .         Rampage  .   (no gloves)
Will     .....                  (no boots)
Stlth    +.........             (no amulet)
HPRegen  0.06/turn              (no ring)
MPRegen  0.10/turn              (no ring)

@: confused
A: distributed training, fangs 1, strong nose
a: no special abilities


You were on level 2 of the Dungeon.
You visited 1 branch of the dungeon, and saw 2 of its levels.

You collected 38 gold pieces.

Inventory:

Missiles
 f - 2 boomerangs (quivered)
Armour
 a - a +0 robe (worn)
Scrolls
 d - 2 scrolls of immolation {unknown}
 e - a scroll of blinking {unknown}
 g - a scroll of identify {unknown}
Potions
 b - a potion of lignification {unknown}
 c - a potion of cancellation {unknown}


   Skills:
 + Level 0.3 Fighting
 + Level 0.3 Short Blades
 + Level 0.3 Long Blades
 + Level 0.3 Axes
 + Level 0.3 Maces & Flails
 + Level 0.3 Polearms
 + Level 0.3 Staves
 + Level 0.3 Slings
 + Level 0.3 Bows
 + Level 0.3 Crossbows
 + Level 0.3 Throwing
 + Level 0.3 Armour
 + Level 4.4 Dodging
 + Level 4.0 Stealth
 + Level 0.3 Shields
 + Level 0.3 Unarmed Combat
 + Level 4.9 Spellcasting
 + Level 0.2 Conjurations
 + Level 0.2 Hexes
 + Level 0.2 Summonings
 + Level 0.2 Necromancy
 + Level 0.2 Translocations
 + Level 2.0 Transmutations
 + Level 0.2 Fire Magic
 + Level 0.2 Ice Magic
 + Level 0.2 Air Magic
 + Level 0.2 Earth Magic
 + Level 5.3 Poison Magic
 + Level 0.4 Invocations
 + Level 0.3 Evocations


You had 7 spell levels left.
You knew the following spells:

 Your Spells              Type           Power        Failure   Level
a - Sting                 Tmut/Pois      64%          3%          1
b - Poisonous Vapours     Pois/Air       26%          7%          2

Your spell library contained the following spells:

 Spells                   Type           Power        Failure   Level
 Ignite Poison            Fire/Tmut/Pois 12%          16%         3
 Olgreb's Toxic Radiance  Pois           22%          16%         4
 Mephitic Cloud           Conj/Pois/Air  10%          19%         3


Dungeon Overview and Level Annotations

Branches:
Dungeon (2/15)

Altars:

Annotations:
D:2 Sigmund


Innate Abilities, Weirdness & Mutations

Your experience applies equally to all skills.
You have very sharp teeth.
Your uncanny sense of smell can sniff out nearby items.


Message History

Sorry, you're not good enough to have a special ability.
Memorise Poisonous Vapours, consuming 2 spell levels and leaving 7?
You start memorising the spell.
You continue memorising. x2
You finish memorising.
Spell assigned to 'b'.
(D) Dungeon
Where to? (? - help)
You see here a leopard gecko corpse.
There is a stone staircase leading down here.
You climb downwards.
The frilled lizard bites you but does no damage.
There is a stone staircase leading up here.
Casting: Sting (safe; 3% risk of failure)
Confirm with . or Enter, or press ? or * to list all spells.
Aiming: Sting (safe; 3% risk of failure)
Press: ? - help, Shift-Dir - straight line, f - frilled lizard
Aim: a frilled lizard (43% to evade)
The sting hits the frilled lizard.
The frilled lizard is poisoned.
You kill the frilled lizard!
A kobold comes into view. It is wielding a +0 dagger.
The kobold moves out of view.
Found 2 boomerangs.
The kobold shouts!
The kobold throws a stone.
The stone completely misses you.
The kobold throws a stone.
The stone closely misses you.
Casting: Sting (safe; 3% risk of failure)
Confirm with . or Enter, or press ? or * to list all spells.
Aiming: Sting (safe; 3% risk of failure)
Press: ? - help, Shift-Dir - straight line, f - kobold
Aim: a kobold, wielding a +0 dagger and quivering 2 stones (33% to evade)
The sting hits the kobold.
The kobold is poisoned.
You kill the kobold!
You see here 2 boomerangs.
f - 2 boomerangs
Found a scroll labelled YSOSSA YSURGH.
Found 22 arrows.
g - a scroll labelled YSOSSA YSURGH Sigmund the Dreaded comes into view.
He is wielding a -3 scythe.
Found 15 gold pieces.
Casting: Sting (safe; 3% risk of failure)
Confirm with . or Enter, or press ? or * to list all spells.
Aiming: Poisonous Vapours (safe; 7% risk of failure)
Press: ? - help, Dir - move target, f - Sigmund
Aim: Sigmund, wielding a -3 scythe and wearing a +0 robe (asleep) Poisonous vapours surround Sigmund!
Sigmund shouts!
Sigmund is engulfed in poison gas.
Sigmund is poisoned.
Sigmund says, "Your kind have come here before.
I understand now why.
You desire death..."
Sigmund points at you and mumbles some strange words.
You resist with significant effort.
Casting: Poisonous Vapours (safe; 7% risk of failure)
Confirm with . or Enter, or press ? or * to list all spells.
Aiming: Poisonous Vapours (safe; 7% risk of failure)
Press: ? - help, Dir - move target, f/p - Sigmund
Aim: Sigmund, wielding a -3 scythe and wearing a +0 robe (lightly wounded, poisoned) Poisonous vapours surround Sigmund!
Sigmund is engulfed in poison gas.
Sigmund looks even sicker.
Casting: Poisonous Vapours (safe; 7% risk of failure)
Confirm with . or Enter, or press ? or * to list all spells.
You don't have enough magic to cast that spell.
Unknown command.
You see here 22 arrows.
Throw: 2 boomerangs
Press: ? - help, Q - select action, (/) - cycle Shift-Dir - straight line, f/p - Sigmund
Aim: Sigmund, wielding a -3 scythe and wearing a +0 robe (heavily wounded, very poisoned)
You throw a boomerang. The boomerang barely misses Sigmund.
Sigmund casts a spell at you.
You are confused.
Sigmund looks at you with fury.
You're too confused to move!
Sigmund screams, "Don't try to resist!"
You feel less confused.
Throw: 2 boomerangs
Press: ? - help, Q - select action, (/) - cycle Shift-Dir - straight line, f/p - Sigmund
Aim: Sigmund, wielding a -3 scythe and wearing a +0 robe (heavily wounded, poisoned)
You throw a boomerang. The boomerang hits Sigmund.
Sigmund is severely wounded.
Sigmund points at you and mumbles some strange words.
The magic dart hits you.
Casting: Poisonous Vapours (safe; 7% risk of failure)
Confirm with . or Enter, or press ? or * to list all spells.
Aiming: Sting (safe; 3% risk of failure)
Press: ? - help, Shift-Dir - straight line, f/p - Sigmund
Aim: Sigmund, wielding a -3 scythe and wearing a +0 robe (severely wounded, poisoned, 29% to evade)
The sting hits Sigmund.
Sigmund looks even sicker.
Sigmund is severely wounded.
Sigmund closely misses you.
Sigmund points at you and mumbles some strange words.
The puff of flame hits you!
* * * LOW HITPOINT WARNING * * *
Casting: Sting (safe; 3% risk of failure)
Confirm with . or Enter, or press ? or * to list all spells.
Aiming: Sting (safe; 3% risk of failure)
Press: ? - help, Shift-Dir - straight line, f/p - Sigmund
Aim: Sigmund, wielding a -3 scythe and wearing a +0 robe (almost dead, poisoned, 29% to evade)
The sting misses Sigmund.
Sigmund points at you and mumbles some strange words.
You are confused.
Sigmund casts a spell at you. The puff of flame hits you!
You die...

#.....##......##..#
##..#.....###..#..#
#.####.....#..#..# ##.#
##..#.#.....#
##(#####....(.....#####
.........#........#...#
##.####...............#
...# #...............###
...## #.........@.......#
....###.#...............#
.....##.#.......@.......#
#....##.#.........#.....#
##.#.##.................#
.#.#..#.................#
......#............######
#.....#...........(#
.###.....).........#


You could see Sigmund (poisoned).

Vanquished Creatures
  A leopard gecko (D:1)
  3 bats (D:2)
  A giant cockroach (D:2)
  2 frilled lizards (D:2)
  2 kobolds (D:2)
  A rat (D:2)
10 creatures vanquished.

Notes
Turn   | Place    | Note
-------+----------+-------------------------------------------
     0 | D:1      | EnegeticOcto the Gnoll Venom Mage began the quest for the
                  | Orb.
     0 | D:1      | Reached XP level 1. HP: 13/13 MP: 6/6
    75 | D:2      | Reached skill level 2 in Transmutations
   107 | D:1      | Reached XP level 2. HP: 19/19 MP: 1/7
   121 | D:1      | Learned a level 2 spell: Poisonous Vapours
   152 | D:2      | Noticed Sigmund
   175 | D:2      | Killed from afar by Sigmund

Illustrated notes

Levels and vault maps discovered:
D:1:      saegor_arrival_simple_d, layout_loops_cross
D:2:      layout_rooms, uniq_natasha, uniq_sigmund

Skill      XL: |  1 |
---------------+----+-----
Transmutations | 2 |  2.0
Fighting       | |  0.3
Short Blades   | |  0.3
Long Blades    | |  0.3
Axes           | |  0.3
Maces & Flails | |  0.3
Polearms       | |  0.3
Staves         | |  0.3
Slings         | |  0.3
Bows           | |  0.3
Crossbows      | |  0.3
Throwing       | |  0.3
Armour         | |  0.3
Dodging        | |  4.4
Stealth        | |  4.0
Shields        | |  0.3
Unarmed Combat | |  0.3
Spellcasting   | |  4.9
Conjurations   | |  0.2
Hexes          | |  0.2
Summonings     | |  0.2
Necromancy     | |  0.2
Translocations | |  0.2
Fire Magic     | |  0.2
Ice Magic      | |  0.2
Air Magic      | |  0.2
Earth Magic    | |  0.2
Poison Magic   | |  5.3
Invocations    | |  0.4
Evocations     | |  0.3

Action                   || total
-------------------------++-------
Throw: Boomerang         ||     2
 Cast: Sting             ||    14
       Poisonous Vapours ||     2
Armor: Robe              ||     2
Dodge: Dodged            ||    13
